cohdb
Replays
Latest Replays
All Replays
Popular Replays
Top Player Replays
Match Explorer
How It Works
Community
CoH3 Stats
Reddit
Sign in to upload your games and track your stats! →
Sign in with Steam
Match 47021793
Unlisted
Match 47021793
Overview
Messages
Build Orders
End
Vickers Machine Gun Team
Selects Australian Defense Battlegroup
Selects Australian Light Infantry Section
Selects Australian Light Infantry Section
Australian Light Infantry Section
Construct Section Command Post
Infantry Section
Construct Field Infirmary
Infantry Section
Infantry Section
Construct Platoon Command Post
CMP 15cwt Truck
Selects CMP 15cwt Supply Run
CMP 15cwt Supply Run
6-pounder Anti-tank Gun Team
Grenade Package
Selects Defensive Tactics
Aaron
Sad Pepe
0
0
Comments
sign in to comment!
No comments posted yet!